 Dungeon Crawl Stone Soup version 0.29.1-1-gd02db69 (webtiles) character file.

Game seed: 2394831323113159102

2969 Kel the Basher (level 9, 0/91 HPs)
             Began as a Demonspawn Gladiator on Mar 21, 2023.
             Was a Follower of Qazlal.
             Slain by a killer bee (3 damage)
             ... on level 7 of the Dungeon.
             The game lasted 00:16:20 (7526 turns).

Kel the Basher (Demonspawn Gladiator)               Turns: 7526, Time: 00:16:20

Health: 0/91       AC: 24    Str: 19    XL:     9   Next: 52%
Magic:  18/18      EV:  2    Int: 15    God:    Qazlal [*.....]
Gold:   388        SH:  1    Dex: 15    Spells: 8/8 levels left

rFire   . . .      SeeInvis .   o - +10 great mace of Malaise {vorpal, *Noise rC+ Will+ Stlth+}
rCold   + . .      Faith    .   (shield currently unavailable)
rNeg    . . .      Spirit   .   (body armour currently unavailable)
rPois   +          Reflect  .   (helmet currently unavailable)
rElec   .          Harm     .   (cloak currently unavailable)
rCorr   .          Rampage  .   (gloves currently unavailable)
Will    +....      NoTele   +   (boots currently unavailable)
Stlth   ++........              (no amulet)
HPRegen 0.25/turn               t - ring of magical power
MPRegen 0.16/turn               w - +6 ring of intelligence

@: tree-form
A: stationary, stasis, torment immunity, boosted hp, (icy blue scales 2),
powered by pain 1, (weakness stinger 1)
a: Renounce Religion


You were on level 7 of the Dungeon.
You worshipped Qazlal.
Qazlal was aware of your devotion.
You were a tree.
You visited 1 branch of the dungeon, and saw 7 of its levels.

You collected 388 gold pieces.

Inventory:

Hand Weapons
 b - a +0 hand axe of flaming
 o - the +10 great mace of Malaise (weapon) {vorpal, *Noise rC+ Will+ Stlth+}
   (You found it on level 6 of the Dungeon)

   It inflicts extra damage upon your enemies.
   rC:        It protects you from cold.
   *Noise:    It may make noises in combat.
   Will:      It increases your willpower.
   Stlth:     It makes you more stealthy.
 z - the +6 hammer of Indomitability {vamp, rC+ Str+9}
   (You found it on level 3 of the Dungeon)

   It occasionally heals its wielder for a portion of the damage dealt when it
   wounds a living foe.
   Str:       It affects your strength (+9).
   rC:        It protects you from cold.
Missiles
 d - 3 throwing nets (quivered)
 e - a javelin
Armour
 c - a +0 helmet (melded)
 g - a +0 pair of gloves (melded)
 k - a +0 buckler
 q - a +0 cloak (melded)
 F - the +4 scale mail of Evolution (melded) {Contam rPois Str+3}
   (You took it off an orc on level 5 of the Dungeon)

   Str:       It affects your strength (+3).
   rPois:     It protects you from poison.
   Contam:    It causes magical contamination when unequipped.
Jewellery
 t - a ring of magical power (left branch)
 w - a +6 ring of intelligence (right branch)
 J - a ring of positive energy
Wands
 a - a wand of flame (28)
 v - a wand of charming (12)
 y - a wand of acid (4)
 D - a wand of polymorph (14)
 K - a wand of mindburst (6)
Scrolls
 f - a scroll of butterflies {unknown}
 i - 2 scrolls of enchant weapon {unknown}
 l - a scroll of fear {unknown}
 m - 3 scrolls of magic mapping {unknown}
 n - a scroll of silence {unknown}
 p - 2 scrolls of poison {unknown}
 A - a scroll of noise {unknown}
 B - a scroll of enchant armour {unknown}
 C - 2 scrolls of blinking {unknown}
 E - a scroll of immolation {unknown}
 H - a scroll of teleportation {unknown}
Potions
 h - 5 potions of flight
 j - 3 potions of curing
 s - a potion of brilliance
 u - a potion of experience {unknown}
 x - a potion of resistance {unknown}
 G - a potion of magic {unknown}
 I - a potion of berserk rage {unknown}


   Skills:
 - Level 2.0 Fighting
 + Level 12.4 Maces & Flails
 - Level 1.7 Throwing
 - Level 2.6 Dodging


You had 8 spell levels left.
You didn't know any spells.
Your spell library contained the following spells:

 Spells                   Type           Power      Damage    Failure   Level
 Ignite Poison            Fire/Tmut/Pois 0%         N/A       63%         3
 Mephitic Cloud           Conj/Pois/Air  0%         N/A       63%         3
 Ozocubu's Armour         Ice            0%         N/A       63%         3
 Leda's Liquefaction      Hex/Erth       0%         N/A       95%         4
 Freezing Cloud           Conj/Ice/Air   0%         6-21      100%        5
 Lee's Rapid Deconstruct  Erth           0%         3d5*      100%        5
 Metabolic Englaciation   Hex/Ice        0%         N/A       100%        5
 Simulacrum               Ice/Necr       0%         N/A       100%        6
 Statue Form              Tmut/Erth      0%         N/A       100%        6
 Chain Lightning          Conj/Air       0%         N/A       100%        9
 Fire Storm               Conj/Fire      0%         5d1       100%        9
 Shatter                  Erth           0%         3d5*      100%        9


Dungeon Overview and Level Annotations

Branches:
Dungeon (7/15)             Temple (0/1) D:7

Altars:
Dithmenos
Hepliaklqana
Kikubaaqudgha
Makhleb
Qazlal
Sif Muna
Yredelemnul

Shops:
D:7 *![

Annotations:
D:7 4 runed translucent doors


Innate Abilities, Weirdness & Mutations

You are a tree.
Your roots penetrate the ground, keeping you stationary.
You cannot be teleported.
You are immune to unholy pain and torment.
Your maximum health is greatly increased.
Your equipment is partially melded.
((You are mostly covered in icy blue scales. (AC +3)))
You sometimes gain a little power by taking damage.
((You have a small tail.))


Message History

* * * LOW HITPOINT WARNING * * *
The killer bee stings you but does no damage. x4
You completely miss the killer bee.
The killer bee stings you but does no damage. x3
The killer bee stings you.
* * * LOW HITPOINT WARNING * * *
The killer bee stings you but does no damage. x2
You bludgeon the killer bee!!
You kill the killer bee!
Qazlal accepts your kill.
You are now surrounded by a storm.
The killer bee stings you but does no damage. x4
The killer bee stings you.
* * * LOW HITPOINT WARNING * * *
You bludgeon the killer bee!!
Your great mace of Malaise burps loudly!
You kill the killer bee!
Qazlal accepts your kill.
The killer bee stings you but does no damage. x5
You closely miss the killer bee.
The killer bee is almost dead.
The killer bee stings you.
* * * LOW HITPOINT WARNING * * *
The killer bee stings you but does no damage. x2
The killer bee stings you.
* * * LOW HITPOINT WARNING * * *
The killer bee stings you but does no damage. x2
You bludgeon the killer bee!!
You kill the killer bee!
Qazlal accepts your kill.
The killer bee stings you but does no damage. x2
The killer bee stings you.
* * * LOW HITPOINT WARNING * * *
The killer bee stings you but does no damage. x3
You barely miss the killer bee.
The killer bee stings you but does no damage.
The killer bee stings you.
* * * LOW HITPOINT WARNING * * *
The killer bee stings you but does no damage.
The killer bee stings you.
You die...

.######≈+#.......................
.......≈...####...8..('#####'####
....~~.≈...'.....8.8.....#....+
.......≈...#....8...8...)'....#
.......≈...####8..∩..8#########
+####~.≈........8...8.......
.......≈.........8.8........
.......'..........8.........
####..##.......y♣.....[.....
#############y########### ...
..... ....... #########


You could see 2 killer bees.

Vanquished Creatures
  Maggie (D:6)
  Grinder (D:6)
  Prince Ribbit (D:7)
  A wraith (D:7)
  A vampire mosquito (D:6)
  3 black bears
  2 sky beasts
  An ice beast (D:6)
  An ogre (D:4)
  A phantom (D:6)
  A kobold brigand (D:6)
  A bullfrog (D:6)
  4 scorpions
  4 killer bees (D:7)
  A howler monkey (D:4)
  3 orc priests
  2 hounds
  A gnoll bouda (D:6)
  4 iguanas
  Crazy Yiuf (D:3)
  6 orc wizards
  5 gnolls
  9 adders
  A shadow imp (D:6)
  A white imp (D:7)
  An ufetubus (D:7)
  2 worms (D:6)
  5 dart slugs
  22 orcs
  8 ball pythons
  6 bats
  6 endoplasms
  6 giant cockroaches
  10 goblins
  8 hobgoblins
  3 quokkas
  14 kobolds
  3 rats
  A spectral orc (D:7)
152 creatures vanquished.

Notes
Turn   | Place    | Note
-------+----------+-------------------------------------------
     0 | D:1      | Kel the Demonspawn Gladiator began the quest for the Orb.
     0 | D:1      | Reached XP level 1. HP: 16/16 MP: 1/1
    75 | D:1      | Reached skill level 3 in Maces & Flails
   568 | D:1      | Gained mutation: You are partially covered in icy blue
                  | scales. (AC +2) [demonic ancestry]
   568 | D:1      | Reached XP level 2. HP: 16/22 MP: 2/2
   830 | D:1      | Found a faded altar of an unknown god.
  1385 | D:1      | Reached XP level 3. HP: 26/27 MP: 3/3
  1457 | D:2      | Reached skill level 4 in Maces & Flails
  2002 | D:2      | Found a burning altar of Makhleb.
  2107 | D:2      | Reached XP level 4. HP: 23/33 MP: 4/4
  3356 | D:3      | Reached skill level 5 in Maces & Flails
  3486 | D:3      | Gained mutation: You have a small tail. [demonic ancestry]
  3486 | D:3      | Reached XP level 5. HP: 13/38 MP: 5/5
  3943 | D:3      | Found a runed translucent door.
  3944 | D:3      | Noticed Crazy Yiuf
  4265 | D:3      | Killed Crazy Yiuf
  4438 | D:3      | Identified the +6 hammer of Indomitability {vamp, rC+
                  | Str+9}
  4505 | D:4      | Found a shimmering blue altar of Sif Muna.
  4530 | D:4      | Noticed an ogre
  4535 | D:4      | Killed an ogre
  4536 | D:4      | Reached skill level 6 in Maces & Flails
  4536 | D:4      | Reached XP level 6. HP: 43/44 MP: 6/6
  4822 | D:4      | Reached skill level 7 in Maces & Flails
  5137 | D:5      | Entered Level 5 of the Dungeon
  5151 | D:5      | Gained mutation: You are mostly covered in icy blue scales.
                  | (AC +3) [demonic ancestry]
  5151 | D:5      | Reached XP level 7. HP: 50/50 MP: 7/7
  5185 | D:5      | Reached skill level 8 in Maces & Flails
  5344 | D:5      | Identified the +4 scale mail of Evolution {Contam rPois
                  | Str+3}
  5750 | D:5      | Reached skill level 9 in Maces & Flails
  5750 | D:5      | Gained mutation: You sometimes gain a little power by
                  | taking damage. [demonic ancestry]
  5750 | D:5      | Reached XP level 8. HP: 56/56 MP: 8/8
  5987 | D:6      | Reached skill level 10 in Maces & Flails
  6011 | D:6      | Identified the +10 great mace of Malaise {vorpal, *Noise
                  | rC+ Will+ Stlth+}
  6137 | D:6      | Noticed Grinder
  6147 | D:6      | Killed Grinder
  6427 | D:6      | Found a stormy altar of Qazlal.
  6435 | D:6      | Became a worshipper of Qazlal Stormbringer
  6451 | D:6      | Reached skill level 11 in Maces & Flails
  6464 | D:6      | Found an ancient bone altar of Kikubaaqudgha.
  6493 | D:6      | Reached XP level 9. HP: 45/61 MP: 9/9
  6655 | D:6      | Found a shadowy altar of Dithmenos.
  6656 | D:6      | Noticed Maggie
  6661 | D:6      | Killed Maggie
  6899 | D:6      | Identified the +6 dagger "Pukor" {vorpal, rElec rF- Str+4
                  | Stlth+}
  7201 | D:7      | Found a hazy altar of Hepliaklqana.
  7208 | D:7      | Found Wyludeg's General Store.
  7266 | D:7      | Found a staircase to the Ecumenical Temple.
  7281 | D:7      | Found a huge runed translucent gate.
  7281 | D:7      | Found a huge runed translucent gate.
  7281 | D:7      | Found a huge runed translucent gate.
  7282 | D:7      | Found a huge runed translucent gate.
  7282 | D:7      | Noticed a polar bear
  7282 | D:7      | Noticed a polar bear
  7282 | D:7      | Noticed a death yak
  7283 | D:7      | Noticed a polar bear
  7313 | D:7      | Noticed Prince Ribbit
  7320 | D:7      | Killed Prince Ribbit
  7321 | D:7      | Reached skill level 12 in Maces & Flails
  7334 | D:7      | Found Sukhim's Distillery.
  7429 | D:7      | Found Qukoq's Antique Armour Shop.
  7478 | D:7      | Found a basalt altar of Yredelemnul.
  7522 | D:7      | Reached * piety under Qazlal
  7526 | D:7      | HP: 3/91 [killer bee (5)]
  7526 | D:7      | Slain by a killer bee

Illustrated notes

Levels and vault maps discovered:
D:1:      mrwooster_arrival_statue, layout_basic, basic_ecumenical_altar,
          dk_noncrumbling_4, minmay_tetromino_o4
D:2:      layout_basic, basic_altar
D:3:      layout_basic, uniq_crazy_yiuf_cottage
D:4:      layout_basic, lemuel_blue_sif_altar, corexii_leaking_fountain
D:5:      layout_rooms, zin_statuary
D:6:      minmay_clustersquares, layout_loops_corners,
          nicolae_dithmenos_through_a_glass_darkly,
          nicolae_kikubaaqudgha_miasma_corner, mainiacjoe_overflow_tiny_flanked,
          cheibrodos_sewer_entry_bend, uniq_maggie, uniq_grinder
D:7:      lemuel_bear_cage, layout_gridville,
          yredelemnul_forgotten_temple_becter, lemuel_doored_altar,
          gammafunk_temple_overflow_claw, minmay_temple_entry_drinking_statues,
          serial_shops, nicolae_diamond_shop, nicolae_shop_behind_doors,
          nicolae_shop_crystal, shop, shop, chequers_serial_rivers_micro_e,
          uniq_prince_ribbit1

Skill      XL: |  1  2  3  4  5  6  7  8  9 |
---------------+----------------------------+-----
Maces & Flails | 3 4 5 6 7 9 11 12 | 12.4
Fighting       | |  2.0
Throwing       | |  1.7
Dodging        | |  2.6

Action                   |  1- 3 |  4- 6 |  7- 9 || total
-------------------------+-------+-------+-------++-------
Melee: Flail             |   140 |   105 |       ||   245
       Mace              |       |    63 |   124 ||   187
       Tailslap          |       |    13 |    16 ||    29
       Great mace        |       |       |   100 ||   100
  Use: Scroll            |       |     5 |     1 ||     6
       Potion            |       |       |     3 ||     3
 Stab: Sleeping          |       |     1 |       ||     1
Armor: Leather armour    |    64 |    40 |       ||   104
       Scale mail        |       |    18 |   120 ||   138
       Chain mail        |       |     8 |    56 ||    64
       Skin              |       |       |    45 ||    45
Dodge: Dodged            |   133 |    95 |   138 ||   366
Block: Buckler           |     8 |    20 |    14 ||    42
